 Dungeon Crawl Stone Soup version 0.29-a0-275-g389c0b56f3 (webtiles) character file.

Game seed: 3657124365606596902

806 pascalblue the Chiller (level 7, -1/36 HPs)
             Began as a Deep Elf Ice Elementalist on Mar 9, 2022.
             Killed by divine providence
             ... invoked by an orc priest
              (14 damage)
             ... on level 4 of the Dungeon.
             The game lasted 00:15:16 (4483 turns).

pascalblue the Chiller (Deep Elf Ice Elementalist)  Turns: 4483, Time: 00:15:16

Health: -1/36      AC:  4    Str: 11    XL:     7   Next: 60%
Magic:  18/18      EV: 12    Int: 22    God:
Gold:   263        SH:  0    Dex: 15    Spells: 4/18 levels left

rFire   . . .      SeeInvis .   l - +3 spear (freeze)
rCold   . . .      Faith    .   (no shield)
rNeg    . . .      Spirit   .   a - +1 robe
rPois   .          Reflect  .   (no helmet)
rElec   .          Harm     .   m - +0 cloak
rCorr   .          Rampage  .   (no gloves)
Will    .....                   (no boots)
Stlth   ++........              (no amulet)
HPRegen 0.12/turn               k - +6 ring of strength
MPRegen 0.16/turn               (no ring)

@: no status effects
A: no striking features
a: no special abilities


You were on level 4 of the Dungeon.
You visited 1 branch of the dungeon, and saw 4 of its levels.

You collected 263 gold pieces.

Inventory:

Hand Weapons
 d - a +1 dagger of freezing
 g - a +3 scythe of protection
 l - a +3 spear of freezing (weapon)
 o - the +10 hunting sling of the Hawk {freeze, rN+}
   (You found it on level 4 of the Dungeon)

   Any ammunition fired from it freezes those it strikes, dealing additional
   cold damage.
   It can also slow down cold-blooded creatures.
   rN:        It protects you from negative energy.
Missiles
 f - 2 atropa-tipped darts
Armour
 a - a +1 robe (worn)
 m - a +0 cloak (worn)
Jewellery
 k - a +6 ring of strength (left hand)
Wands
 c - a wand of iceblast (14)
 s - a wand of flame (10)
Scrolls
 i - a scroll of blinking
 r - a scroll of teleportation
Potions
 b - a potion of magic
 e - a potion of lignification
 h - a potion of might {unknown}
 j - 2 potions of heal wounds {unknown}
 n - a potion of mutation {unknown}
 p - a potion of attraction {unknown}
 q - a potion of curing {unknown}


   Skills:
 - Level 2.4 Dodging
 - Level 2.4 Stealth
 + Level 6.1 Spellcasting
 + Level 3.0 Conjurations
 + Level 3.4 Summonings
 * Level 7.9 Ice Magic


You had 4 spell levels left.
You knew the following spells:

 Your Spells              Type           Power      Damage    Failure   Level
a - Freeze                Ice            100%       1d11      1%          1
b - Frozen Ramparts       Ice            82%        1d10      1%          3
c - Call Canine Familiar  Summ           21%        N/A       7%          3
d - Hailstorm             Conj/Ice       30%        3d8       10%         4
e - Ozocubu's Armour      Ice            41%        N/A       1%          3

Your spell library contained the following spells:

 Spells                   Type           Power      Damage    Failure   Level
 Portal Projectile        Hex/Tloc       12%        N/A       26%         3
 Leda's Liquefaction      Hex/Erth       3%         N/A       65%         4


Dungeon Overview and Level Annotations

Branches:
Dungeon (4/15)
 Temple: D:4-7

Altars:


Message History

The wall freezes Duvessa.
You kill Duvessa!
Your Spellcasting skill increases to level 6!
Your Conjurations skill increases to level 3!
Your icy armour cracks and falls away as you move.
The frozen ramparts melt away as you move.
s - a wand of flame (10)
Things that are here:
a +0 short sword; a +0 ring mail; the elf corpse of Duvessa
Things that are here:
a +0 dagger; a +0 robe; the elf corpse of Dowan
Found a stone staircase leading up.
There is a stone staircase leading up here.
An orc comes into view. It is wielding a +0 club.
An orc priest comes into view.
It is wielding a +0 hand axe of draining.
The orc shouts!
The orc priest shouts!
You hear a shout!
The orc drinks a potion.
The orc goes berserk! 2 orcs come into view.
The orc shouts! x2
The orc hits you with a +0 club. The orc closely misses you.
The orc rages.
The orc completely misses you. The orc attacks as you move away!
The orc hits you with a +0 club. The orc hits you but does no damage.
The orc rages.
The orc attacks as you move away! The orc hits you with a +0 club.
The orc barely misses you.
The orc priest mumbles some strange prayers to Beogh against you.
Beogh smites you! The orc barely misses you. The orc attacks as you move away!
The orc barely misses you.
The orc rages.
The orc barely misses you.
The orc priest miscasts a cantrip.
The orc attacks as you move away! The orc hits you but does no damage.
The orc closely misses you.
The orc priest mumbles some strange prayers to Beogh against you.
Beogh smites you!
You die...

#..###.# #.# #...o... ##...##.#
#.# #....... #.......# #.#
###o...# .....##.# #.# #..o..
....###.# #.# #..... ...## #.#
#.# ##.#.#. ...# ##.##
#.######.#..#.
..####...###########...o...###.##
.####.#.#.#.....@o.....o....#..##
............########.#######.###
#####.#.#.### #.# ## ##...## #.#
##.## #.# ######## #.# ########.#
#....... #.# #.....†..# #.######
#.# #.######.# #.# #.#####.# #.#
#.#


You could see an orc priest and 2 orcs.

Vanquished Creatures
  Sigmund (D:3)
  Menkaure (D:4)
  Duvessa (D:4)
  An ogre (D:3)
  A gnoll sergeant (D:3)
  Dowan (D:4)
  2 hounds
  Crazy Yiuf (D:4)
  3 adders
  5 gnolls (D:3)
  2 worms (D:2)
  A dart slug (D:2)
  5 orcs (D:3)
  2 bats
  4 endoplasms
  3 giant cockroaches
  3 hobgoblins
  3 kobolds
  4 quokkas
  10 ball pythons
  4 frilled lizards
  6 goblins
  3 rats
67 creatures vanquished.

Vanquished Creatures (others)
  12 plants (D:1)
12 creatures vanquished.

Grand Total: 79 creatures vanquished

Notes
Turn   | Place    | Note
-------+----------+-------------------------------------------
     0 | D:1      | pascalblue the Deep Elf Ice Elementalist began the quest
                  | for the Orb.
     0 | D:1      | Reached XP level 1. HP: 10/10 MP: 6/6
   356 | D:1      | Reached XP level 2. HP: 15/15 MP: 6/8
   431 | D:1      | Found a faded altar of an unknown god.
   536 | D:1      | Reached skill level 5 in Ice Magic
  1167 | D:2      | Reached XP level 3. HP: 9/19 MP: 4/10
  1410 | D:2      | Reached XP level 4. HP: 24/24 MP: 9/12
  1444 | D:2      | Identified the +1 scale mail of Inquiry {Will+ Int+5 Dex+2}
  1568 | D:2      | HP: 1/24 [worm (5)]
  1850 | D:2      | Learned a level 3 spell: Frozen Ramparts
  1854 | D:2      | Learned a level 3 spell: Call Canine Familiar
  2053 | D:3      | Noticed an ogre
  2066 | D:3      | Killed an ogre
  2067 | D:3      | Reached skill level 1 in Summonings
  2067 | D:3      | Reached skill level 6 in Ice Magic
  2067 | D:3      | Reached XP level 5. HP: 4/28 MP: 5/14
  2336 | D:3      | Learned a level 4 spell: Hailstorm
  2492 | D:3      | Reached skill level 5 in Spellcasting
  2492 | D:3      | Reached skill level 1 in Conjurations
  2492 | D:3      | Reached XP level 6. HP: 16/32 MP: 11/15
  2650 | D:3      | Learned a level 3 spell: Ozocubu's Armour
  3051 | D:3      | Noticed Sigmund
  3073 | D:3      | Killed Sigmund
  3074 | D:3      | Reached skill level 7 in Ice Magic
  3683 | D:4      | Found a runed translucent door.
  3684 | D:4      | Noticed Crazy Yiuf
  3692 | D:4      | Killed Crazy Yiuf
  3780 | D:4      | Noticed Menkaure
  3793 | D:4      | Killed Menkaure
  3794 | D:4      | Reached XP level 7. HP: 12/36 MP: 7/17
  4076 | D:4      | Identified the +10 hunting sling of the Hawk {freeze, rN+}
  4299 | D:4      | Noticed Duvessa
  4306 | D:4      | Noticed Dowan
  4316 | D:4      | Killed Dowan
  4319 | D:4      | Killed Duvessa
  4483 | D:4      | Killed from afar by an orc priest

Illustrated notes

Levels and vault maps discovered:
D:1:      denvon_arrival_planthouse, layout_basic,
          dreamdust_ecumenical_altar_statues
D:2:      layout_rooms
D:3:      layout_basic, minmay_misc_feat_encased, roderic_filled_cross,
          uniq_sigmund
D:4:      layout_loops_ring, chequers_serial_rivers_large_a,
          hangedman_decor_growths, minmay_misc_feat_cross, uniq_duvessa,
          uniq_menkaure, uniq_crazy_yiuf_cottage

Skill      XL: |  1  2  3  4  5  6  7 |
---------------+----------------------+-----
Ice Magic      | 5 6 7 |  7.9
Spellcasting   | 4 5 6 |  6.1
Summonings     | 1 2 3 |  3.4
Conjurations   | 1 2 3 |  3.0
Dodging        | |  2.4
Stealth        | |  2.4

Action                   |  1- 3 |  4- 6 |  7- 9 || total
-------------------------+-------+-------+-------++-------
Melee: Unarmed           |     1 |       |       ||     1
       Dagger            |    22 |    26 |       ||    48
       Punch             |     3 |       |       ||     3
       Scythe            |       |    12 |       ||    12
       Spear             |       |     1 |     8 ||     9
 Cast: Freeze            |    38 |    24 |     9 ||    71
       Frozen Ramparts   |       |     8 |     2 ||    10
       Ozocubu's Armour  |       |     6 |     2 ||     8
  Use: Scroll            |       |     8 |       ||     8
 Stab: Sleeping          |     1 |     2 |       ||     3
Armor: Robe              |     3 |     5 |     4 ||    12
Dodge: Dodged            |    22 |    48 |    21 ||    91

Table legend: (Time is in decaauts)
 A = Elapsed time spent in this place.
 B = Non-inter-level travel time spent in this place.
 C = Inter-level travel time spent in this place.
 D = Time resting spent in this place.
 E = Time spent auto-exploring this place.
 F = Levels seen in this place.
 G = Mean time per level.
                   A        B        C        D        E       F      G
               +--------+--------+--------+--------+--------+-----+--------+
         Total |   4494 |   4397 |     97 |    985 |   2513 |   4 | 1123.5 |
       Dungeon |   4494 |   4397 |     97 |    985 |   2513 |   4 | 1123.5 |
               +--------+--------+--------+--------+--------+-----+--------+

Top non-repeatable levels by time:
     D:3: 1611 daAuts
     D:1: 1048 daAuts
     D:2: 1006 daAuts
     D:4: 827 daAuts
